 Dungeon Crawl Stone Soup version 0.31.0-11-ge490571c62 (webtiles) character file.

Game seed: 2432067396209451652

1012 monsoonserge the Magician (level 8, -1/50 HPs)
             Began as a Djinni Fire Elementalist on Feb 10, 2024.
             Was an Initiate of Gozag.
             Slain by Pikel
             ... wielding a +2 whip of freezing
              (2 damage)
             ... on level 5 of the Dungeon.
             The game lasted 00:14:11 (4592 turns).

monsoonserge the Magician (DjFE)                    Turns: 4592, Time: 00:14:12

Health: -1/50      AC: 13    Str:  7    XL:     8   Next: 45%
Gold:   624        EV: 10    Int: 19    God:    Gozag SH:  0 Dex: 14

rFire   + . .        n - +2 dagger (venom)
rCold   . . .        (no shield)
rNeg    . . .        e - +5 ring mail "Vec Voe" {Stlth+}
rPois   ∞            r - +2 hood of the Assassin {Detect Stab+ Stlth++}
rElec   .            (no cloak)
rCorr   .            (no gloves)
SInv    .            (boots unavailable)
Will    .....        (no amulet)
Stlth   ++++         q - ring of wizardry
HPRegen 0.28/turn    a - ring of ice
MPRegen 0.00/turn

%: wizardry (x1), infuse magic (-2 HP)
@: flying
A: sickness immunity, fire resistance 2, cold vulnerability 1, float, innate
caster, HP casting, extra vitality 1
a: Renounce Religion, Potion Petition, Call Merchant, Bribe Branch


You were on level 5 of the Dungeon.
You worshipped Gozag.
Gozag was pleased with you.
You visited 1 branch of the dungeon, and saw 6 of its levels.

You collected 679 gold pieces.
You paid 55 gold pieces to Gozag.

Inventory:

Hand Weapons
 n - a +2 dagger of venom (weapon)
Missiles
 l - 4 boomerangs
 p - 6 datura-tipped darts
 x - 4 javelins (quivered)
Armour
 e - the +5 ring mail "Vec Voe" (worn) {Stlth+}
   (You found it on level 4 of the Dungeon)

   Stlth+:    It makes you more stealthy.
 r - the +2 hood of the Assassin (worn) {Detect Stab+ Stlth++}
   (You found it on level 2 of the Dungeon)

   Detect:    It allows the wearer to sense nearby creatures.
   Stab+:     It allows the wearer to make particularly effective stabbing
   attacks against helpless or unaware enemies with any weapon.
   Stlth++:   It makes you much more stealthy.
Magical Staves
 u - a staff of alchemy
Jewellery
 a - a ring of ice (right hand)
 q - a ring of wizardry (left hand)
Wands
 s - a wand of iceblast (10)
Scrolls
 b - 3 scrolls of noise {unknown}
 d - 2 scrolls of enchant armour {unknown}
 f - a scroll of acquirement {unknown}
 g - 3 scrolls of teleportation {unknown}
 h - a scroll of enchant weapon {unknown}
 i - 3 scrolls of identify {unknown}
 j - a scroll of revelation {unknown}
 o - a scroll of poison {unknown}
 t - a scroll of brand weapon {unknown}
 v - 2 scrolls of fear {unknown}
 w - a scroll of immolation {unknown}
Potions
 c - 4 potions of might {unknown}
 k - a potion of lignification {unknown}
 m - a potion of ambrosia {unknown}
 z - 2 potions of berserk rage {unknown}
 A - a potion of attraction {unknown}


   Skills:
 + Level 0.2 Fighting
 + Level 0.5 Short Blades
 * Level 4.7 Armour
 + Level 2.5 Dodging
 - Level 2.0 Stealth
 * Level 6.6 Spellcasting
 * Level 6.6 Conjurations
 * Level 6.6 Hexes
 * Level 6.6 Summonings
 * Level 6.6 Necromancy
 * Level 6.6 Translocations
 * Level 6.6 Fire Magic
 * Level 6.6 Ice Magic
 * Level 6.6 Air Magic
 * Level 6.6 Earth Magic
 * Level 6.6 Alchemy


You knew the following spells:

 Your Spells              Type           Power      Damage    Failure   Level
a - Foxfire               Conj/Fire      100%       2x1d9     1%          1
b - Scorch                Fire           62%        2d7       1%          2
c - Volatile Blastmotes   Fire/Tloc      62%        2d15      2%          3
d - Inner Flame           Hex/Fire       31%        N/A       2%          3
e - Flame Wave            Conj/Fire      31%        2d9       9%          4
f - Sandblast             Erth           62%        2d14      1%          1
g - Searing Ray           Conj           62%        2d6       1%          2
h - Ozocubu's Armour      Ice            47%        N/A       2%          3
Your spell library was empty.

Dungeon Overview and Level Annotations

Branches:
Dungeon (6/15)             Temple (0/1) D:4

Altars:
Cheibriados
Gozag
Xom

Shops:
D:3 (

Annotations:
D:4 2 runed translucent doors, Charlie33ad's ghost, amateur DsNe
D:5 Pikel


Innate Abilities, Weirdness & Mutations

You are immune to sickness and miasma.
You are immune to poison.
Your flesh is very heat resistant. (rF++)
You are vulnerable to cold. (rC-)
You float through the air rather than walking.
You learn spells naturally, not from books.
Your magical power is your life essence.
You have superior vitality. (+4 MHP)


Message History

Flames lash Pikel.
Pikel is burned terribly!
Pikel is moderately wounded.
Pikel hits you with a +2 whip of freezing.
Pikel freezes you.
Unknown command.
Casting: Scorch (safe; 1% risk of failure)
Confirm with . or Enter, or press ? or * to list all spells.
Flames lash Pikel.
Pikel is burned terribly!
Pikel is heavily wounded.
Pikel says, "You'll rot in Tartarus!"
Pikel hits you with a +2 whip of freezing!
* * * LOW HITPOINT WARNING * * *
Pikel freezes you.
* * * LOW HITPOINT WARNING * * *
Casting: Scorch (safe; 1% risk of failure)
Confirm with . or Enter, or press ? or * to list all spells.
Okay, then.
Casting: Scorch (safe; 1% risk of failure)
Confirm with . or Enter, or press ? or * to list all spells.
Flames lash Pikel but do no damage.
* * * LOW HITPOINT WARNING * * *
Pikel misses you.
Unknown command.
Casting: Scorch (safe; 1% risk of failure)
Confirm with . or Enter, or press ? or * to list all spells.
Flames lash Pikel.
Pikel is burned terribly!
Pikel is heavily wounded.
* * * LOW HITPOINT WARNING * * *
Pikel barely misses you.
Unknown command.
Aiming: Iceblast
Press: ? - help, Shift-Dir - straight line The mass of ice explodes!
The iceblast engulfs Pikel!
Pikel is severely wounded.
Pikel hits you with a +2 whip of freezing.
* * * LOW HITPOINT WARNING * * *
Pikel freezes you.
You die...
Pikel says, "See you in Hell!"
Your body crumbles into a pile of gold.

...####'#.....######'##
........#..<..#.......#
........+....<#.......#
........#.....+.......#
#########.....##+##...#
..................#...#
..................#..:#
..................#...#
.......).....[..@.'...#
................K.#...#
..................#...#
##......###############
.#......# .#......#
.#......# ##......#
#......##


You could see Pikel (combustible).

Vanquished Creatures
  Menkaure (D:5)
  An ogre (D:5)
  2 lemures (D:6)
  2 phantoms
  2 scorpions
  A howler monkey (D:4)
  2 bombardier beetles
  2 hounds
  A jelly (D:4)
  An orc priest (D:3)
  Jessica (D:3)
  3 iguanas (D:5)
  An orc wizard (D:3)
  4 gnolls (D:4)
  4 adders
  A shadow imp (D:5)
  2 dart slugs
  3 ribbon worms
  9 orcs
  7 ball pythons
  9 endoplasms
  3 giant cockroaches
  11 goblins
  6 hobgoblins
  5 jackals
  6 quokkas
  3 bats (D:3)
  5 frilled lizards
  6 kobolds
  6 rats
  A butterfly (D:4)
111 creatures vanquished.

Vanquished Creatures (collateral kills)
  A foxfire (D:3)
1 creature vanquished.

Vanquished Creatures (others)
  179 foxfires
179 creatures vanquished.

Grand Total: 291 creatures vanquished

Notes
Turn   | Place    | Note
-------+----------+-------------------------------------------
     0 | D:1      | monsoonserge the Djinni Fire Elementalist began the quest
                  | for the Orb.
     0 | D:1      | monsoonserge set off with the following spells memorised:
                  | Foxfire, Scorch, Volatile Blastmotes, Inner Flame, Flame
                  | Wave.
     0 | D:1      | Reached XP level 1. HP: 15/15 MP: 0/0
   358 | D:1      | Reached XP level 2. HP: 19/21 MP: 0/0
   905 | D:2      | Reached XP level 3. HP: 12/25 MP: 0/0
   905 | D:2      | Learned a level 1 spell: Sandblast
  1063 | D:2      | Reached skill level 1 in Armour
  1497 | D:2      | Found the +2 hood of the Assassin {Detect Stab+ Stlth++}
  1673 | D:2      | Found a snail-covered altar of Cheibriados.
  1813 | D:3      | Reached XP level 4. HP: 27/31 MP: 0/0
  2059 | D:3      | Reached XP level 5. HP: 27/35 MP: 0/0
  2059 | D:3      | Learned a level 2 spell: Searing Ray
  2191 | D:3      | Noticed Jessica
  2193 | D:3      | Killed Jessica
  2194 | D:3      | Reached XP level 6. HP: 23/40 MP: 0/0
  2279 | D:3      | Found an opulent altar of Gozag.
  2305 | D:3      | Became a worshipper of Gozag Ym Sagoz the Greedy
  2547 | D:3      | Found a shimmering altar of Xom.
  2611 | D:3      | Found Niron's Antique Weapon Emporium.
  2800 | D:4      | Found a runed translucent door.
  2804 | D:4      | Noticed Charlie33ad's ghost (amateur DsNe)
  2825 | D:4      | Found a runed translucent door.
  2839 | D:4      | Reached skill level 5 in Spellcasting
  2839 | D:4      | Reached skill level 5 in Conjurations
  2839 | D:4      | Reached skill level 5 in Hexes
  2839 | D:4      | Reached skill level 5 in Summonings
  2839 | D:4      | Reached skill level 5 in Necromancy
  2839 | D:4      | Reached skill level 5 in Translocations
  2839 | D:4      | Reached skill level 5 in Fire Magic
  2839 | D:4      | Reached skill level 5 in Ice Magic
  2839 | D:4      | Reached skill level 5 in Air Magic
  2839 | D:4      | Reached skill level 5 in Earth Magic
  2839 | D:4      | Reached skill level 5 in Alchemy
  2845 | D:4      | Reached XP level 7. HP: 27/45 MP: 0/0
  2845 | D:4      | Learned a level 3 spell: Ozocubu's Armour
  3160 | D:4      | Found a staircase to the Ecumenical Temple.
  3174 | D:4      | Identified the +5 ring mail "Vec Voe" {Stlth+}
  3626 | D:5      | Entered Level 5 of the Dungeon
  3817 | D:5      | Reached XP level 8. HP: 45/50 MP: 0/0
  3896 | D:5      | Noticed Menkaure
  3902 | D:5      | Killed Menkaure
  4564 | D:6      | Noticed Pikel
  4592 | D:5      | HP: 1/50 [Pikel/+2 whip of freezing (5)]
  4592 | D:5      | Slain by Pikel

Illustrated notes

Levels and vault maps discovered:
D:1:      lightli_arrival_statuegarden, layout_basic, serial_bayou_lagoon_a
D:2:      minmay_skewed_foursquare, layout_loops_ring, basic_altar
D:3:      minmay_inner_zag, layout_basic, grunt_gozag_breadcrumbs,
          mainiacjoe_overflow_paths, serial_shops,
          nicolae_shop_just_a_little_nook, nicolae_houndstooth_variations,
          uniq_jessica
D:4:      layout_loops_ring, minmay_temple_entry_butterflies,
          ebering_ghost_sewer_f
D:5:      layout_gridville, kennysheep_generic_room_11, uniq_menkaure
D:6:      layout_basic, uniq_pikel

Skill      XL: |  1  2  3  4  5  6  7  8 |
---------------+-------------------------+-----
Armour         | 1 2 3 4 |  4.7
Stealth        | 2 |  2.0
Spellcasting   | 4 5 6 |  6.6
Conjurations   | 4 5 6 |  6.6
Hexes          | 4 5 6 |  6.6
Summonings     | 4 5 6 |  6.6
Necromancy     | 4 5 6 |  6.6
Translocations | 4 5 6 |  6.6
Fire Magic     | 4 5 6 |  6.6
Ice Magic      | 4 5 6 |  6.6
Air Magic      | 4 5 6 |  6.6
Earth Magic    | 4 5 6 |  6.6
Alchemy        | 4 5 6 |  6.6
Fighting       | |  0.2
Short Blades   | |  0.5
Dodging        | |  2.5

Action                     |  1- 3 |  4- 6 |  7- 9 || total
---------------------------+-------+-------+-------++-------
  Melee: Dagger            |     3 |     3 |     1 ||     7
         Unarmed           |     1 |       |       ||     1
   Cast: Foxfire           |    33 |    29 |    49 ||   111
         Scorch            |    18 |    30 |    36 ||    84
         Sandblast         |     1 |       |       ||     1
         Volatile Blastmot |       |     3 |    11 ||    14
         Flame Wave        |       |     2 |       ||     2
  Evoke: Wand              |       |       |     1 ||     1
   Stab: Sleeping          |     1 |     1 |       ||     2
 Armour: Leather armour    |     5 |     5 |       ||    10
         Robe              |       |     2 |     3 ||     5
         Ring mail         |       |       |     9 ||     9
  Dodge: Dodged            |     5 |     4 |     8 ||    17
